 Dungeon Crawl Stone Soup version 0.22-a0-166-g5351223 (webtiles) character file.

750 varam the Caller (level 7, 0/41 HPs)
             Began as an Octopode Wizard on Feb 13, 2018.
             Was an Initiate of Makhleb.
             Slain by an orc warrior
             ... wielding a +0 short sword
              (5 damage)
             ... on level 6 of the Dungeon.
             The game lasted 00:22:22 (5151 turns).

varam the Caller (Octopode Wizard)                  Turns: 5151, Time: 00:22:24

Health: 0/41       AC:  6    Str:  4    XL:     7   Next: 78%
Magic:  5/12       EV: 13    Int: 22    God:    Makhleb [......]
Gold:   206        SH:  0    Dex: 15    Spells: 3/12 levels left

rFire    + . .     SeeInvis .   d - +3 short sword of Ravage {pierce, rF+ rN+ Dex+4}
rCold    . . .     Gourm    .   (no shield)
rNeg     + . .     Faith    .   a - +0 hat
rPois    +         Spirit   .   (no amulet)
rElec    .         Reflect  .   p - +5 ring of protection
rCorr    .         Harm     .   q - ring "Voifee" {rPois MR+ Str-2} (curse)
MR       +....                  (no ring)
Stlth    +++.......             (no ring)
HPRegen  0.13/turn              (no ring)
MPRegen  0.13/turn              (no ring)
                                (no ring)
                                (no ring)

@: no status effects
A: almost no armour, stealthy swim, amphibious, 8 rings, constrict 8, camouflage
1, gelatinous body 1
a: Renounce Religion


You were on level 6 of the Dungeon.
You worshipped Makhleb.
Makhleb was noncommittal.
You were not hungry.

You visited 2 branches of the dungeon, and saw 7 of its levels.

You collected 206 gold pieces.

Inventory:

Hand Weapons
 d - the +3 short sword of Ravage (weapon) {pierce, rF+ rN+ Dex+4}
   (You found it on level 4 of the Dungeon)

   It inflicts extra damage upon your enemies.
   It affects your dexterity (+4).
   It protects you from fire.
   It protects you from negative energy.
 r - a +2 hunting sling of freezing
Missiles
 f - 2 tomahawks (quivered)
 t - 13 stones
Armour
 a - a +0 hat (worn)
Jewellery
 p - a +5 ring of protection (left tentacle)
 q - the cursed ring "Voifee" (right tentacle) {rPois MR+ Str-2}
   (You found it on level 4 of the Dungeon)

   [ring of strength]

   It affects your strength (-2).
   It protects you from poison.
   It affects your resistance to hostile enchantments.
   It has a curse placed upon it.
Wands
 y - a wand of scattershot (4)
Scrolls
 g - 3 scrolls of remove curse
 j - 3 scrolls of magic mapping
 k - a scroll of teleportation {unknown}
 v - a scroll of immolation {unknown}
 w - a scroll of identify
Potions
 e - a potion of curing
 h - a potion of lignification
 i - 2 potions of flight
 l - 2 potions of mutation {unknown}
 m - a potion of heal wounds {unknown}
 n - a potion of agility {unknown}
 o - a potion of brilliance {unknown}
 u - a potion of degeneration {unknown}
 x - a potion of cancellation {unknown}
Books
 b - a book of Minor Magic

   Spells                             Type                      Level
   a - Magic Dart                     Conjuration                  1
   b - Blink                          Translocation                2
   c - Call Imp                       Summoning                    2
   d - Slow                           Hexes                        2
   e - Conjure Flame                  Conjuration/Fire             3
   f - Mephitic Cloud                 Conjuration/Poison/Air       3
 s - a book of Changes

   Spells                             Type                      Level
   a - Beastly Appendage              Transmutation                1
   b - Sticks to Snakes               Transmutation                2
   c - Spider Form                    Transmutation/Poison         3
   d - Ice Form                       Ice/Transmutation            4
   e - Blade Hands                    Transmutation                5
Comestibles
 c - 9 rations


   Skills:
 - Level 2.0 Dodging
 - Level 3.1 Stealth
 + Level 4.0 Unarmed Combat
 - Level 3.4 Spellcasting
 - Level 4.0 Conjurations
 + Level 4.2 Summonings
 - Level 1.0 Translocations
 - Level 2.0 Air Magic
 - Level 2.5 Poison Magic


You had 3 spell levels left.
You knew the following spells:

 Your Spells              Type           Power        Failure   Level  Hunger
a - Magic Dart            Conj           ###.         2%          1    None
b - Call Imp              Summ           ###.....     3%          2    ##.....
c - Mephitic Cloud        Conj/Pois/Air  ###.....     11%         3    ###....
d - Blink                 Tloc           N/A          12%         2    ##.....
e - Beastly Appendage     Tmut           #.....       12%         1    None


Dungeon Overview and Level Annotations

Branches:
Dungeon (6/15)             Temple (1/1) D:5

Altars:
Dithmenos
Elyvilon
Hepliaklqana
Kikubaaqudgha
Makhleb
Nemelex Xobeh
Okawaru
Qazlal
Ru
Uskayaw
Vehumet
Wu Jian
Xom
Yredelemnul
Zin

Annotations:
D:3 Sigmund


Innate Abilities, Weirdness & Mutations

You cannot wear most types of armour.
You are very stealthy in the water. (Stealth+)
You are amphibious.
You can wear up to eight rings at the same time.
You can use your tentacles to constrict eight enemies at once.
Your skin changes colour to match your surroundings (Stealth+).
Your rubbery body absorbs attacks. (AC +1, EV +1)


Message History

The bullfrog skeleton is destroyed!
Makhleb accepts your kill.
Your Unarmed Combat skill increases to level 4!
The orc warrior hits you with a short sword!
* * * LOW HITPOINT WARNING * * *
Your crimson imp misses the orc warrior.
You feel better. The orc barely misses you. The orc warrior barely misses you.
Your crimson imp hits the orc warrior but does no damage.
You hit the orc warrior but do no damage.
You grab the orc warrior. You constrict the orc warrior.
The orc hits you with a club.
The orc warrior hits you with a short sword.
* * * LOW HITPOINT WARNING * * *
Your crimson imp hits the orc warrior but does no damage.
You hit the orc warrior but do no damage.
The orc warrior is lightly wounded.
You constrict the orc warrior, but do no damage.
The orc hits you but does no damage.
The orc warrior hits you with a short sword.
You die...

## .. .#.. .######.#.#
# .....#.#.##########
#.###..........>.......
#.............<........
#.#....................
#.....?oo..............
#......@55........#####
#.......5.(.......#
..#...............#
#...............#
##.............##
##.....#.....
############


You could see an orc warrior, an orc, a friendly iron imp, a friendly crimson
imp and a friendly white imp.

Vanquished Creatures
  A slave (D:4)
  A phantom (D:5)
  A water moccasin skeleton (D:4)
  2 hounds (D:4)
  3 orc priests
  2 centaur skeletons
  2 bullfrog skeletons
  2 orc wizards
  3 gnolls (D:4)
  An adder (D:4)
  3 shadow imps (D:5)
  An adder skeleton (D:6)
  4 dart slugs
  2 leopard geckos
  8 orcs
  12 bats
  A giant cockroach (D:1)
  11 goblins
  10 hobgoblins
  6 jackals
  6 kobolds
  A quokka (D:5)
  3 frilled lizards
  A leopard gecko skeleton (D:4)
  7 rats
  A toadstool (D:1)
95 creatures vanquished.

Vanquished Creatures (collateral kills)
  2 ogres
  A scorpion (D:4)
  An orc wizard (D:5)
  A bullfrog skeleton (D:6)
  3 adders
  5 orcs
  A hobgoblin (D:2)
  A jackal (D:3)
15 creatures vanquished.

Vanquished Creatures (others)
  3 toadstools (D:1)
3 creatures vanquished.

Grand Total: 113 creatures vanquished

Notes
Turn   | Place    | Note
-------+----------+-------------------------------------------
     0 | D:1      | varam the Octopode Wizard began the quest for the Orb.
     0 | D:1      | Reached XP level 1. HP: 11/11 MP: 4/4
    51 | D:1      | Reached skill level 3 in Stealth
    56 | D:1      | Reached XP level 2. HP: 14/17 MP: 0/6
   100 | D:1      | Learned a level 2 spell: Call Imp
   665 | D:2      | Reached skill level 2 in Conjurations
   951 | D:2      | Reached XP level 3. HP: 21/21 MP: 5/7
   956 | D:2      | Learned a level 3 spell: Mephitic Cloud
  1053 | D:2      | Noticed an ogre
  1060 | D:2      | Killed an ogre
  1060 | D:2      | Reached skill level 1 in Air Magic
  1060 | D:2      | Reached skill level 1 in Poison Magic
  1060 | D:2      | Reached XP level 4. HP: 21/27 MP: 1/9
  1641 | D:2      | Reached skill level 2 in Poison Magic
  1653 | D:3      | Noticed Sigmund
  1667 | D:2      | Learned a level 2 spell: Blink
  1770 | D:3      | Found an ornate altar of the Wu Jian Council.
  1996 | D:3      | Reached XP level 5. HP: 29/31 MP: 3/10
  2061 | D:3      | Reached skill level 3 in Conjurations
  2061 | D:3      | Reached skill level 2 in Air Magic
  2399 | D:4      | Found an iron altar of Okawaru.
  2505 | D:4      | Noticed a slave
  2537 | D:4      | Killed a slave
  2569 | D:4      | Reached skill level 1 in Unarmed Combat
  2569 | D:4      | Reached XP level 6. HP: 22/36 MP: 2/11
  2575 | D:4      | Got a flickering ivory ring
  2581 | D:4      | Identified the cursed ring "Voifee" {rPois MR+ Str-2} (You found it on level 4 of the Dungeon)
  2625 | D:4      | Learned a level 1 spell: Beastly Appendage
  2696 | D:4      | Got a pitted short sword
  2697 | D:4      | Identified the +3 short sword of Ravage {pierce, rF+ rN+ Dex+4} (You found it on level 4 of the Dungeon)
  2734 | D:4      | Reached skill level 2 in Summonings
  2912 | D:4      | Reached skill level 2 in Unarmed Combat
  2920 | D:4      | Reached skill level 4 in Conjurations
  3141 | D:4      | Reached XP level 7. HP: 41/41 MP: 6/12
  3223 | D:5      | Entered Level 5 of the Dungeon
  3342 | D:5      | Found a staircase to the Ecumenical Temple.
  3350 | Temple   | Entered the Ecumenical Temple
  3417 | Temple   | Became a worshipper of Makhleb the Destroyer
  3495 | D:5      | Found an ancient bone altar of Kikubaaqudgha.
  3503 | D:5      | Found a shadowy altar of Dithmenos.
  3506 | D:5      | Found a stormy altar of Qazlal.
  3535 | D:5      | Reached skill level 3 in Summonings
  3945 | D:5      | Reached skill level 3 in Unarmed Combat
  4623 | D:6      | Reached skill level 4 in Summonings
  5148 | D:6      | Reached skill level 4 in Unarmed Combat
  5151 | D:6      | Slain by an orc warrior

Vault maps used:
D:1:      ldierk_water_garden
D:3:      lemuel_round_altar, uniq_sigmund
D:4:      cheibrodos_pilgrimage, kennysheep_mini_moat, uniq_pikel
D:5:      grunt_temple_overflow_diamond, minmay_temple_entry_statues_pillars,
          first_ration
D:6:      gammafunk_wand_slinger, lemuel_coloured_pillars_altar,
          fedhas_bush_and_centaur_altar
Temple:   dshaligram_water_room_temple

Skill      XL: |  1  2  3  4  5  6  7 |
---------------+----------------------+-----
Stealth        | 3 |  3.1
Conjurations   | 2 3 4 |  4.0
Air Magic      | 1 2 |  2.0
Poison Magic   | 1 2 |  2.5
Unarmed Combat | 1 2 4 |  4.0
Summonings     | 2 4 |  4.2
Dodging        | |  2.0
Spellcasting   | |  3.4
Translocations | |  1.0

Action                   |  1- 3 |  4- 6 |  7- 9 || total
-------------------------+-------+-------+-------++-------
Melee: Unarmed           |    33 |    55 |       ||    88
       Constrict         |    12 |    26 |    14 ||    52
       Tentacles         |     4 |    21 |    10 ||    35
       Short sword       |       |    36 |    67 ||   103
       Kick              |       |     3 |       ||     3
       Punch             |       |       |     2 ||     2
 Cast: Magic Dart        |    44 |    78 |     8 ||   130
       Call Imp          |     4 |    16 |     9 ||    29
       Mephitic Cloud    |       |     1 |     2 ||     3
       Beastly Appendage |       |     2 |       ||     2
       Blink             |       |       |     1 ||     1
  Use: Scroll            |       |     5 |       ||     5
       Potion            |       |       |     1 ||     1
 Stab: Sleeping          |     3 |       |     2 ||     5
       Confused          |       |       |     1 ||     1
  Eat: Chunk             |       |     7 |     2 ||     9
       Ration            |       |       |     2 ||     2
Armor: Skin              |     1 |    29 |    18 ||    48
Dodge: Dodged            |    31 |   100 |    42 ||   173

Table legend:
 A = Spawn XP
 B = Non-spawn XP
 C = Spawn XP percentage of total XP
 D = Spawn monster count
 E = Non-spawn monster count
 F = Spawn count percentage of total count
 G = Total turns spent on level
                    A         B        C        D         E        F      G
               +---------+---------+-------+---------+---------+-------+---------
         Total |       0 |    1072 |   0.0 |       0 |     108 |   0.0 |  5151
               +---------+---------+-------+---------+---------+-------+---------
           D:1 |       0 |      30 |   0.0 |       0 |      17 |   0.0 |   634
           D:2 |       0 |     117 |   0.0 |       0 |      27 |   0.0 |  1216
           D:3 |       0 |      83 |   0.0 |       0 |      23 |   0.0 |   497
           D:4 |       0 |     402 |   0.0 |       0 |      18 |   0.0 |   876
           D:5 |       0 |     303 |   0.0 |       0 |      13 |   0.0 |  1796
           D:6 |       0 |     137 |   0.0 |       0 |      10 |   0.0 |    47
               +---------+---------+-------+---------+---------+-------+---------
